 Dungeon Crawl Stone Soup version 0.28.0-45-g0d030f2227 (webtiles) character file.

Game seed: 15278715499633033574

0 101zpm the Firebug (level 1, -1/10 HPs)
             Began as a Gargoyle Fire Elementalist on Apr 21, 2022.
             Slain by an adder (2 damage)
             ... on level 3 of the Dungeon.
             The game lasted 00:01:09 (119 turns).

101zpm the Firebug (Gargoyle Fire Elementalist)      Turns: 119, Time: 00:01:09

Health: -1/10      AC:  4    Str: 11    XL:     1   Next: 10%
Magic:  1/3        EV: 11    Int: 15    God:
Gold:   0          SH:  0    Dex: 10    Spells: 3/4 levels left

rFire   . . .      SeeInvis .   (no weapon)
rCold   . . .      Faith    .   (no shield)
rNeg    + . .      Spirit   .   a - +0 robe
rPois   ∞          Reflect  .   (no helmet)
rElec   +          Harm     .   (no cloak)
rCorr   .          Rampage  .   (no gloves)
Will    .....                   (no boots)
Stlth   ++........              (no amulet)
HPRegen 0.03/turn               (no ring)
MPRegen 0.08/turn               (no ring)

@: no status effects
A: sickness immunity, AC +2, negative energy resistance 1, electricity
resistance, torment resistance 1, petrification resistance
a: no special abilities


You were on level 3 of the Dungeon.
You visited 1 branch of the dungeon, and saw 4 of its levels.

Inventory:

Armour
 a - a +0 robe (worn)


   Skills:
 + Level 1.5 Dodging
 + Level 2.1 Stealth
 + Level 2.0 Spellcasting
 + Level 1.1 Conjurations
 + Level 3.0 Fire Magic


You had 3 spell levels left.
You knew the following spells:

 Your Spells              Type           Power      Damage    Failure   Level
a - Foxfire               Conj/Fire      28%        2x1d5     10%         1

Your spell library contained the following spells:

 Spells                   Type           Power      Damage    Failure   Level
 Scorch                   Fire           20%        2d6       10%         2
 Conjure Flame            Conj/Fire      7%         6-21      28%         3
 Inner Flame              Hex/Fire       6%         N/A       34%         3
 Flame Wave               Conj/Fire      7%         2d5       67%         4
 Cause Fear               Hex            0%         N/A       91%         4
 Discord                  Hex            0%         N/A       100%        8


Dungeon Overview and Level Annotations

Branches:
Dungeon (4/15)
 Temple: D:4-7

Altars:


Innate Abilities, Weirdness & Mutations

You are immune to sickness and miasma.
Your stone body is resilient. (AC +2)
You are immune to poison.
You resist negative energy. (rN+)
You are resistant to electric shocks. (rElec)
You are resistant to unholy torment.
You are immune to petrification.


Message History

You hear a distant slurping noise.
Found a scroll labelled TUUCEHE WOGEFE.
Found a blue potion.
You see here a blue potion.
The endoplasm hits you but does no damage.
The adder bites you. The adder bites you but does no damage.
You see here 21 arrows.
The adder completely misses you.
There is a stone staircase leading up here.
The adder bites you.
You climb upwards.
The hobgoblin hits you.
There is a stone staircase leading down here.
The adder closely misses you. The adder bites you but does no damage.
The adder barely misses you. The adder bites you.
* * * LOW HITPOINT WARNING * * *
You are too injured to fight recklessly!
Casting: Foxfire (safe; 10% risk of failure)
Press: ? - help, Q - select action Dir - look around, f - activate You conjure some foxfire!
The adder closely misses you.
Casting: Foxfire (safe; 10% risk of failure)
Press: ? - help, Q - select action Dir - look around, f - activate
There is not enough space to conjure foxfire!
Casting: Foxfire (safe; 10% risk of failure)
Press: ? - help, Q - select action Dir - look around, f - activate
There is not enough space to conjure foxfire!
Casting: Foxfire (safe; 10% risk of failure)
Press: ? - help, Q - select action Dir - look around, f - activate
There is not enough space to conjure foxfire!
Your foxfire dissipates!
The adder bites you.
* * * LOW HITPOINT WARNING * * *
Casting: Foxfire (safe; 10% risk of failure)
Press: ? - help, Q - select action Dir - look around, f - activate You conjure some foxfire!
The adder bites you but does no damage. The adder bites you.
You die...

############ #....g.....#
#.########.#########
#.########.#vSg....#
#.......<...@#####.########
######.....v.# #.........
+.......# #>).......
#.......# #.##.####.
#.......# #.# .# +.........
... # #......######.#
........ ... #..


You could see an adder (ally target) and a hobgoblin.

Vanquished Creatures
  A goblin (D:1)
1 creature vanquished.

Notes
Turn   | Place    | Note
-------+----------+-------------------------------------------
     0 | D:1      | 101zpm the Gargoyle Fire Elementalist began the quest for
                  | the Orb.
     0 | D:1      | Reached XP level 1. HP: 10/10 MP: 3/3
    65 | D:4      | Noticed a gnoll shaman
    65 | D:4      | Noticed a phantom
   119 | D:3      | Slain by an adder

Illustrated notes

Levels and vault maps discovered:
D:1:      heliophobic_arrival_henge, layout_loops_ring,
          shapermc_ecumenical_altar_totnotflames, nicolae_figureground_sparkle
D:2:      kennysheep_the_goblin_king, layout_rooms, serial_shops, shop_coins,
          minmay_tree_intersection, bh_walls_and_bars
D:3:      layout_basic, serial_shops, nicolae_shop_statue_plus,
          kennysheep_generic_room_11, uniq_ijyb
D:4:      minmay_chambers_of_threes, layout_loops_ring,
          nicolae_dithmenos_through_a_glass_darkly, uniq_eustachio

Action                   || total
-------------------------++-------
Melee: Unarmed           ||     3
 Cast: Foxfire           ||     2
Armor: Robe              ||     4
Dodge: Dodged            ||     6
